 Dungeon Crawl Stone Soup version 0.32-a0-314-g526f7d4993 (webtiles) character file.

Game seed: 15836149070024076651

559 timneilson the Ruffian (level 7, -4/46 HPs)
             Began as an Octopode Shapeshifter on Feb 15, 2024.
             Was an Initiate of Gozag.
             Slain by an ice beast (7 damage)
             ... on level 5 of the Dungeon.
             The game lasted 00:06:09 (3638 turns).

timneilson the Ruffian (Octopode Shapeshifter)      Turns: 3638, Time: 00:06:10

Health: -4/46      AC:  1    Str: 15    XL:     7   Next: 31%
Magic:  7/7        EV: 14    Int: 12    God:    Gozag
Gold:   127        SH:  0    Dex: 12    Spells: 6/6 levels left

rFire   . .          .
                       - Unarmed
rCold   . . .        (no shield)
rNeg    . . .        (helmet currently unavailable)
rPois   .            (no amulet)
rElec   .            (no ring)
rCorr   .            (no ring)
SInv    .            (no ring)
Will    .....        (no ring)
Stlth   +++          (no ring)
HPRegen 0.27/turn    (no ring)
MPRegen 0.10/turn    (no ring)
                     (no ring)

%: no passive effects
@: beast-form, gold aura
A: beast (slay +2), almost no armour, amphibious, 8 rings, camouflage 1,
gelatinous body 1, (nimble swimmer 1), tentacles
a: Begin Untransformation, Renounce Religion, Potion Petition, Call Merchant,
Bribe Branch


You were on level 5 of the Dungeon.
You worshipped Gozag.
Gozag was aware of your devotion.
You were a hulking beast.
You visited 2 branches of the dungeon, and saw 6 of its levels.

You collected 193 gold pieces.
You paid 66 gold pieces to Gozag.

Inventory:

Talismans
 b - a beast talisman (active)
 c - a flux talisman
Wands
 g - a wand of flame (38)
 i - a wand of polymorph (9)
 k - a wand of charming (5)
 l - a wand of quicksilver (8)
 m - a wand of roots (8)
Scrolls
 h - a scroll of brand weapon
 j - a scroll of revelation
 o - a scroll of enchant weapon
 p - a scroll of teleportation
 q - a scroll of identify
Potions
 a - a potion of lignification
 d - 3 potions of curing
 e - a potion of heal wounds {unknown}
 f - a potion of mutation {unknown}
 n - a potion of cancellation {unknown}
 r - 2 potions of enlightenment {unknown}
 s - a potion of brilliance {unknown}
 t - a potion of invisibility {unknown}


   Skills:
 * Level 3.4 Fighting
 * Level 3.8 Dodging
 + Level 3.2 Stealth
 * Level 4.4 Unarmed Combat
 + Level 1.8 Evocations
 * Level 4.3 Shapeshifting


You had 6 spell levels left.
You didn't know any spells.
Your spell library contained the following spells:

 Spells                   Type           Power      Damage    Failure   Level
 Sigil of Binding         Hex            0%         N/A       69%         3
 Leda's Liquefaction      Alch/Erth      0%         N/A       97%         4
 Lee's Rapid Deconstruct  Erth           0%         3d4*      100%        5
 Bombard                  Conj/Erth      0%         9d1       100%        6
 Conjure Ball Lightning   Conj/Air       0%         3x3d6     100%        6


Dungeon Overview and Level Annotations

Branches:
Dungeon (5/15)             Temple (1/1) D:5

Altars:
Ashenzari
Dithmenos
Elyvilon
Fedhas
Gozag
Hepliaklqana
Kikubaaqudgha
Makhleb
Nemelex Xobeh
Okawaru
Ru
Sif Muna
Trog
Uskayaw
Vehumet
Wu Jian
Xom
Yredelemnul
Zin
The Shining One

Annotations:
D:5 2 transporters, DeathSocks's ghost, novice VSDe


Innate Abilities, Weirdness & Mutations

You are a hulking beast.
Your limbs bulge with bestial killing power. (Slay +2)
You cannot wear most types of armour.
You are amphibious.
You can wear up to eight rings at the same time.
Your skin changes colour to match your surroundings (Stealth+).
Your rubbery body absorbs attacks. (AC +1, EV +1)
((You are camouflaged when in or above water. (Stealth+)))
You have tentacles for arms and can constrict up to eight enemies at once.


Message History

You hear a shout!
The orc misses you.
You tentacle-slap the orc.
The orc is severely wounded.
You constrict the orc.
You kill the orc!
An ice beast and an orc come into view.
The orc is wielding a +0 flail of draining.
The orc shouts!
Things that are here:
9 gold pieces; a +0 flail; a +0 ring mail The orc barely misses you.
You bludgeon the orc!
You kill the orc!
Things that are here:
9 gold pieces; a +0 flail; a +0 ring mail You closely miss the orc.
You grab the orc. You squeeze the orc!
You kill the orc!
You tentacle-slap the ice beast. You squeeze the ice beast.
The ice beast is moderately wounded.
The ice beast hits you. The ice beast freezes you!
You tentacle-slap the ice beast. Your squeeze misses the ice beast.
The ice beast is heavily wounded.
The ice beast hits you. The ice beast freezes you!
* * * LOW HITPOINT WARNING * * *
You tentacle-slap the ice beast.
The ice beast is heavily wounded.
The ice beast barely misses you.
Unknown command.
You feel better. The ice beast hits you. The ice beast freezes you!
* * * LOW HITPOINT WARNING * * *
You feel better. The ice beast hits you. The ice beast freezes you!
* * * LOW HITPOINT WARNING * * *
You tentacle-slap the ice beast.
The ice beast is severely wounded.
The ice beast hits you.
* * * LOW HITPOINT WARNING * * *
The ice beast freezes you!
You die...
Your body crumbles into a pile of gold.

.##.⌠.⌠.##..##
###.....##..# #
###'####..# .... #
#.####..# .... #
#.......# ..... .#
######..# #..).. .#
#..### #.Y.... .#
##....#####.......
#.......h#........
#..####...Y.$......
....# ####>.#####..
##.. ##..# ##.
#.... #......
#..###.. ..## # ..#


You could see an ice beast.

Vanquished Creatures
  A black bear (D:4)
  A scorpion (D:4)
  A bombardier beetle (D:2)
  An iguana (D:4)
  Terence (D:2)
  A sleepcap (D:4)
  Natasha (thrice) (D:4)
  6 adders
  2 ribbon worms
  2 dart slugs
  7 orcs
  8 ball pythons
  11 bats
  5 endoplasms
  5 giant cockroaches
  10 goblins
  8 hobgoblins
  2 jackals (D:1)
  6 kobolds
  4 quokkas
  2 frilled lizards
  6 rats
93 creatures vanquished.

Notes
Turn   | Place    | Note
-------+----------+-------------------------------------------
     0 | D:1      | timneilson the Octopode Shapeshifter began the quest for
                  | the Orb.
     0 | D:1      | Reached XP level 1. HP: 13/13 MP: 1/1
    31 | D:1      | Reached XP level 2. HP: 16/18 MP: 2/2
    75 | D:1      | Reached skill level 1 in Stealth
    85 | D:1      | Reached XP level 3. HP: 21/23 MP: 3/3
   751 | D:1      | Reached XP level 4. HP: 29/29 MP: 4/4
  1058 | D:2      | Got the Handbook of the Enchanting Nimbus
  1151 | D:2      | Noticed Terence
  1168 | D:2      | Killed Terence
  1169 | D:2      | Reached XP level 5. HP: 11/35 MP: 5/5
  1512 | D:2      | Found a faded altar of an unknown god.
  1769 | D:3      | Reached XP level 6. HP: 41/41 MP: 6/6
  1883 | D:3      | Reached skill level 1 in Evocations
  2338 | D:4      | Noticed a black bear
  2353 | D:4      | Killed a black bear
  2681 | D:4      | Reached XP level 7. HP: 40/46 MP: 7/7
  3039 | D:4      | Noticed Natasha
  3043 | D:4      | Killed Natasha
  3162 | D:4      | Noticed Natasha
  3171 | D:4      | Killed Natasha
  3188 | D:4      | Noticed Natasha
  3195 | D:4      | Killed Natasha
  3285 | D:5      | Entered Level 5 of the Dungeon
  3314 | D:5      | Found a transporter.
  3317 | D:5      | Found a transporter.
  3318 | D:5      | Noticed DeathSocks's ghost (novice VSDe)
  3495 | D:5      | Found a staircase to the Ecumenical Temple.
  3501 | Temple   | Entered the Ecumenical Temple
  3552 | Temple   | Became a worshipper of Gozag Ym Sagoz the Greedy
  3638 | D:5      | Slain by an ice beast

Illustrated notes

Levels and vault maps discovered:
D:1:      dpeg_arrival_leaves_temple_mockup, layout_basic
D:2:      layout_rooms, dreamdust_ecumenical_altar_hidden_monk_grotto,
          corexii_corridor_pit, uniq_terence
D:3:      layout_basic, corexii_corridor_pit
D:4:      layout_basic, uniq_natasha
D:5:      layout_layer_cave, minmay_temple_entry_hall, gammafunk_ghost_mausoleum
Temple:   mainiacjoe_temple_cubbyholes

Skill      XL: |  1  2  3  4  5  6 |
---------------+-------------------+-----
Stealth        | 1 2 3 |  3.2
Fighting       | 2 3 |  3.4
Dodging        | 3 |  3.8
Evocations     | 1 |  1.8
Unarmed Combat | 4 |  4.4
Shapeshifting  | 4 |  4.3

Action                     |  1- 3 |  4- 6 |  7- 9 || total
---------------------------+-------+-------+-------++-------
  Melee: Unarmed           |    53 |   120 |    26 ||   199
         Constrict         |    18 |    29 |     8 ||    55
         Tentacles         |    12 |    24 |    10 ||    46
         Punch             |     2 |     6 |     2 ||    10
    Use: Scroll            |       |     7 |     2 ||     9
         Potion            |       |       |     2 ||     2
   Stab: Sleeping          |    10 |    16 |     3 ||    29
 Armour: Skin              |    15 |    52 |    10 ||    77
  Dodge: Dodged            |    29 |    56 |     7 ||    92

Table legend: (Time is in decaauts)
 A = Elapsed time spent in this place.
 B = Non-inter-level travel time spent in this place.
 C = Inter-level travel time spent in this place.
 D = Time resting spent in this place.
 E = Time spent auto-exploring this place.
 F = Levels seen in this place.
 G = Mean time per level.
                   A        B        C        D        E       F      G
               +--------+--------+--------+--------+--------+-----+--------+
         Total |   3624 |   3451 |    173 |    227 |   2438 |   6 |  604.0 |
       Dungeon |   3523 |   3444 |     79 |    227 |   2438 |   5 |  704.6 |
        Temple |    100 |      6 |     94 |      0 |      0 |   1 |  100.0 |
               +--------+--------+--------+--------+--------+-----+--------+

Top non-repeatable levels by time:
     D:4: 952 daAuts
     D:1: 841 daAuts
     D:3: 796 daAuts
     D:2: 681 daAuts
     D:5: 251 daAuts
  Temple: 100 daAuts
